 Dungeon Crawl Stone Soup version 0.22-a0-422-g9628fc8 (webtiles) character file.

605 4thArraOfDagon the Magician (level 7, -6/46 HPs)
             Began as a Mummy Fire Elementalist on May 16, 2018.
             Was an Initiate of Sif Muna.
             Mangled by an ogre
             ... wielding a +0 giant spiked club
              (20 damage)
             ... on level 6 of the Dungeon.
             The game lasted 00:07:20 (1313 turns).

4thArraOfDagon the Magician (MuFE)                  Turns: 1313, Time: 00:07:21

Health: -6/46      AC:  4    Str: 11    XL:     7   Next: 19%
Magic:  7/14       EV: 12    Int: 16    God:    Sif Muna [......]
Gold:   140        SH:  0    Dex: 13    Spells: 2/15 levels left

rFire    x . .     SeeInvis .   c - +0 dagger (curse)
rCold    + . .     Gourm    .   (no shield)
rNeg     + + +     Faith    .   a - +1 robe
rPois    ∞         Spirit   .   e - +0 helmet
rElec    .         Reflect  .   (no cloak)
rCorr    .         Harm     .   (no gloves)
MR       .....                  (no boots)
Stlth    ++........             (no amulet)
HPRegen  0.15/turn              (no ring)
MPRegen  0.14/turn              (no ring)

@: very slightly contaminated
A: no food or potions, fire vulnerability, cold resistance 1, negative energy
resistance 3, torment resistance, unbreathing
a: Renounce Religion


You were on level 6 of the Dungeon.
You worshipped Sif Muna.
Sif Muna was noncommittal.
You were not hungry.

You visited 2 branches of the dungeon, and saw 7 of its levels.

You collected 140 gold pieces.

Inventory:

Hand Weapons
 c - a cursed +0 dagger (weapon)
Armour
 a - a +1 robe (worn)
 e - a +0 helmet (worn)
Wands
 b - a wand of flame (16)
Scrolls
 d - a scroll of identify
 i - a scroll of remove curse


   Skills:
 - Level 1.5 Dodging
 - Level 1.5 Stealth
 + Level 4.8 Spellcasting
 * Level 3.9 Conjurations
 * Level 4.6 Fire Magic
 + Level 1.0 Invocations


You had 2 spell levels left.
You knew the following spells:

 Your Spells              Type           Power        Failure   Level  Hunger
a - Flame Tongue          Conj/Fire      ###..        2%          1    N/A
b - Conjure Flame         Conj/Fire      ###.....     8%          3    N/A
c - Sticky Flame          Conj/Fire      ###.....     26%         4    N/A
d - Fireball              Conj/Fire      ###.......   58%         5    N/A

Your spell library contained the following spells:

 Spells                   Type           Power        Failure   Level  Hunger
 Throw Flame              Conj/Fire      ###...       4%          2    N/A
 Inner Flame              Hex/Fire       ##......     19%         3    N/A

Dungeon Overview and Level Annotations

Branches:
Dungeon (6/15)             Temple (1/1) D:6

Altars:
Ashenzari
Dithmenos
Elyvilon
Fedhas
Gozag
Hepliaklqana
Kikubaaqudgha
Okawaru
Qazlal
Sif Muna
Trog
Yredelemnul
The Shining One

Annotations:
D:2 Sigmund
D:6 Edmund


Innate Abilities, Weirdness & Mutations

You do not eat or drink.
Your flesh is vulnerable to fire.
You are immune to poison.
Your flesh is cold resistant. (rC+)
You are immune to negative energy. (rN+++)
You are immune to unholy pain and torment.
You can survive without breathing.


Message History

The orc completely misses you.
Unknown command.
Unknown command.
Unknown command.
Unknown command.
Unknown command.
Unknown command.
The orc barely misses you.
Unknown command.
Unknown command.
The orc warrior closely misses you.
The phantom blinks!
Unknown command.
Unknown command.
Unknown command.
Unknown command.
The phantom blinks!
Unknown command.
Unknown command.
The ogre hits you with a giant spiked club!!
You die...

#.#########
#..#......##
####..W.....##
####≈≈##..<.....#
≈w≈≈s§≈.........#
####≈§##...>.%..#
## #.........#
#.........#
#..v.§..@##
#.......O.#
##.....ooo#
#........#
##......s.#
#.........#
#........##
##......##
########


You could see a phantom, a fire vortex, an orc warrior, an ogre, 2 orcs and a
giant cockroach.

Vanquished Creatures
  An orc warrior (D:6)
  2 ogres
  A bullfrog (D:6)
  A scorpion (D:5)
  A hound (D:4)
  An orc wizard (D:6)
  4 worker ants
  A killer bee zombie (D:5)
  A worker ant zombie (D:5)
  An adder (D:3)
  An adder skeleton (D:4)
  A dart slug (D:1)
  3 leopard geckos
  3 orcs (D:6)
  2 ball pythons
  A bat (D:1)
  A giant cockroach (D:6)
  3 hobgoblins
  3 jackals (D:6)
  2 kobolds
  2 quokkas
  3 frilled lizards
  3 goblins
  A leopard gecko skeleton (D:5)
  A rat (D:1)
44 creatures vanquished.

Notes
Turn   | Place    | Note
-------+----------+-------------------------------------------
     0 | D:1      | 4thArraOfDagon the Mummy Fire Elementalist began the quest for the Orb.
     0 | D:1      | Reached XP level 1. HP: 13/13 MP: 4/4
    22 | D:1      | Reached skill level 1 in Conjurations
    85 | D:1      | Reached XP level 2. HP: 19/19 MP: 1/5
   217 | D:2      | Found an iron altar of Okawaru.
   272 | D:2      | Noticed Sigmund
   315 | D:3      | Noticed a howler monkey
   333 | D:3      | Reached XP level 3. HP: 13/24 MP: 2/7
   376 | D:4      | Learned a level 3 spell: Conjure Flame
   387 | D:4      | Noticed an ogre
   474 | D:4      | Killed an ogre
   474 | D:4      | Reached XP level 4. HP: 30/30 MP: 0/9
   480 | D:4      | Learned a level 4 spell: Sticky Flame
   532 | D:5      | Entered Level 5 of the Dungeon
   544 | D:5      | Reached XP level 5. HP: 29/35 MP: 4/10
   646 | D:5      | Noticed a water moccasin
   721 | D:5      | Noticed an ogre
   829 | D:5      | Killed an ogre
   829 | D:5      | Reached XP level 6. HP: 34/41 MP: 1/12
   836 | D:5      | Learned a level 5 spell: Fireball
   956 | D:6      | Found a staircase to the Ecumenical Temple.
   965 | Temple   | Entered the Ecumenical Temple
  1000 | Temple   | Became a worshipper of Sif Muna the Loreminder
  1064 | D:6      | Noticed an orc warrior
  1095 | D:6      | Noticed Edmund
  1119 | D:6      | Killed an orc warrior
  1119 | D:6      | Reached XP level 7. HP: 42/46 MP: 7/14
  1203 | D:6      | Reached skill level 1 in Invocations
  1226 | D:6      | HP: 1/46 [jackal (3)]
  1313 | D:6      | Mangled by an ogre

Vault maps used:
D:1:      dpeg_arrival_rooms_with_view, corexii_hall_statues_x,
          minmay_misc_feat_ornament, xom_teletrap_fun
D:2:      okawaru_gym_becter, minivault_11, uniq_sigmund, uniq_robin
D:3:      first_ration
D:4:      hangedman_decor_slide_cut, nicolae_ru_great_annihilating_truth
D:6:      makhleb_altar_promises_db, minmay_temple_entry_purple_smoke,
          gup_sewer_entry_bubbles, uniq_edmund
Temple:   kb_temple_of_zot

Skill      XL: |  1  2  3  4  5  6  7 |
---------------+----------------------+-----
Conjurations   | 1 2 3 |  3.9
Spellcasting   | 3 4 |  4.8
Fire Magic     | 3 4 |  4.6
Invocations    | 1 |  1.0
Dodging        | |  1.5
Stealth        | |  1.5

Action                   |  1- 3 |  4- 6 |  7- 9 || total
-------------------------+-------+-------+-------++-------
Melee: Unarmed           |     2 |       |       ||     2
       Dagger            |    12 |    28 |     1 ||    41
 Cast: Flame Tongue      |    37 |    17 |     6 ||    60
       Conjure Flame     |     1 |     3 |       ||     4
       Sticky Flame      |       |     7 |     3 ||    10
Evoke: Wand              |       |       |     7 ||     7
  Use: Scroll            |       |     8 |     1 ||     9
Armor: Robe              |     4 |     5 |     6 ||    15
Dodge: Dodged            |    16 |    27 |    27 ||    70

Table legend:
 A = Spawn XP
 B = Non-spawn XP
 C = Spawn XP percentage of total XP
 D = Spawn monster count
 E = Non-spawn monster count
 F = Spawn count percentage of total count
 G = Total turns spent on level
                    A         B        C        D         E        F      G
               +---------+---------+-------+---------+---------+-------+---------
         Total |       0 |     865 |   0.0 |       0 |      44 |   0.0 |  1313
               +---------+---------+-------+---------+---------+-------+---------
           D:1 |       0 |      19 |   0.0 |       0 |       9 |   0.0 |   199
           D:2 |       0 |       7 |   0.0 |       0 |       4 |   0.0 |    83
           D:3 |       0 |      18 |   0.0 |       0 |       4 |   0.0 |    63
           D:4 |       0 |     169 |   0.0 |       0 |       4 |   0.0 |   246
           D:5 |       0 |     275 |   0.0 |       0 |       8 |   0.0 |   334
           D:6 |       0 |     377 |   0.0 |       0 |      15 |   0.0 |   321
               +---------+---------+-------+---------+---------+-------+---------
